 Dungeon Crawl Stone Soup version 0.30-a0-718-geaa24f58ff (console) character file.

Game seed: 4751567186941182232

674 Ignak the Ogre Mage (level 7, 0/66 HPs)
             Began as an Ogre Hedge Wizard on Jan 25, 2023.
             Was an Initiate of Okawaru.
             Slain by an ice beast (6 damage)
             ... on level 5 of the Dungeon.
             The game lasted 00:18:28 (6348 turns).

Ignak the Ogre Mage (Ogre Hedge Wizard)             Turns: 6348, Time: 00:18:29

Health: 0/66       AC:  5    Str: 15    XL:     7   Next: 59%
Magic:  13/13      EV: 10    Int: 17    God:    Okawaru [......]
Gold:   166        SH:  0    Dex: 11    Spells: 1/14 levels left

rFire   . . .      SeeInvis .    a - +2 trident (freeze)
rCold   . . .      Faith    .    (no shield)
rNeg    . . .      Spirit   .    b - +0 robe
rPois   +          Reflect  .    c - +2 hat
rElec   .          Harm     .    (no cloak)
rCorr   .          Rampage  .    (gloves unavailable)
Will    +....                    (boots unavailable)
Stlth   ++                       (no amulet)
HPRegen 0.31/turn                w - ring of Xeacve Dema {rPois Will+ Dex+3}
MPRegen 0.13/turn                (no ring)

@: no status effects
A: large, unfitting armour, tough skin 1
a: Renounce Religion


You were on level 5 of the Dungeon.
You worshipped Okawaru.
Okawaru was noncommittal.
You visited 2 branches of the dungeon, and saw 6 of its levels.
You also visited: Sewer.

You collected 166 gold pieces.

Inventory:

Hand Weapons
 a - a +2 trident of freezing (weapon)
Armour
 b - a +0 robe (worn)
 c - a +2 hat (worn)
 f - a +0 kite shield
 v - the +0 robe of Biefyne {Fly rElec Will- MP+9}
   (You found it on level 4 of the Dungeon)

   rElec:     It insulates you from electricity.
   MP:        It affects your magic capacity (+9).
   Fly:       It grants you flight.
   Will:      It decreases your willpower.
Jewellery
 l - a ring of ice
 w - the ring of Xeacve Dema (left hand) {rPois Will+ Dex+3}
   (You found it on level 5 of the Dungeon)

   [ring of poison resistance]

   Dex:       It affects your dexterity (+3).
   rPois:     It protects you from poison.
   Will:      It increases your willpower.
Scrolls
 e - 2 scrolls of enchant weapon
 g - 5 scrolls of teleportation
 h - a scroll of butterflies
 i - 3 scrolls of enchant armour
 k - a scroll of fog
 s - a scroll of brand weapon
 t - 3 scrolls of blinking
Potions
 d - a potion of magic
 j - a potion of haste
 m - 5 potions of flight
 n - a potion of heal wounds
 o - a potion of mutation
 p - a potion of berserk rage {unknown}
 q - a potion of curing
 r - a potion of cancellation


   Skills:
 + Level 2.4 Fighting
 + Level 0.7(1.0) Axes
 - Level 0.8(1.0) Polearms
 + Level 1.9 Armour
 + Level 2.7 Dodging
 - Level 2.1 Stealth
 * Level 3.1 Shields
 - Level 1.0 Unarmed Combat
 + Level 4.4 Spellcasting
 * Level 2.1 Conjurations
 - Level 1.0 Summonings
 + Level 2.3 Translocations
 * Level 0.2 Fire Magic
 + Level 1.3 Air Magic
 + Level 1.2 Poison Magic
 + Level 0.0 Invocations


You had one spell level left.
You knew the following spells:

 Your Spells              Type           Power      Damage    Failure   Level
a - Magic Dart            Conj           44%        1d5       6%          1
b - Blink                 Tloc           22%        N/A       9%          2
c - Fireball              Conj/Fire      3%         3d4       95%         5
d - Mephitic Cloud        Conj/Pois/Air  9%         N/A       24%         3
e - Call Imp              Summ           7%         N/A       16%         2

Your spell library contained the following spells:

 Spells                   Type           Power      Damage    Failure   Level
 Foxfire                  Conj/Fire      28%        2x1d5     10%         1
 Necrotise                Necr           12%        1d4       16%         1
 Slow                     Hex            12%        N/A       16%         1
 Cigotuvi's Dreadful Rot  Necr/Pois/Air  12%        N/A       16%         2
 Vampiric Draining        Necr           3%         2d6       41%         3
 Agony                    Necr           3%         N/A       99%         5
 Starburst                Conj/Fire      3%         6d3       100%        6


Dungeon Overview and Level Annotations

Branches:
Dungeon (5/15)             Temple (1/1) D:4           Sewer (visited)

Altars:
Ashenzari
Dithmenos
Elyvilon
Fedhas
Gozag
Hepliaklqana
Kikubaaqudgha
Makhleb
Nemelex Xobeh
Okawaru
Qazlal
Ru
Trog
Uskayaw
Xom
Yredelemnul
Zin
The Shining One


Innate Abilities, Weirdness & Mutations

You are too large for most types of armour.
You have tough skin. (AC +1)


Message History

The ice beast barely misses you.
You barely miss the ice beast.
The ice beast is moderately wounded.
The ice beast hits you but does no damage.
You hit the ice beast.
The ice beast is heavily wounded.
The ice beast hits you but does no damage.
You puncture the ice beast!
The ice beast is severely wounded.
The ice beast completely misses you.
You barely miss the ice beast.
The ice beast is severely wounded.
The ice beast hits you but does no damage.
The ice beast hits you. The ice beast freezes you!
* * * LOW HITPOINT WARNING * * *
You barely miss the ice beast.
The ice beast is severely wounded.
The ice beast misses you.
You feel much better.
The ice beast hits you but does no damage.
You closely miss the ice beast.
The ice beast is severely wounded.
The ice beast hits you. The ice beast freezes you!
You barely miss the ice beast.
The ice beast is severely wounded.
The ice beast closely misses you.
You hit the ice beast.
The ice beast is almost dead.
The ice beast hits you. The ice beast freezes you!
* * * LOW HITPOINT WARNING * * *
You barely miss the ice beast.
The ice beast is severely wounded.
The ice beast hits you.
* * * LOW HITPOINT WARNING * * *
The ice beast freezes you.
* * * LOW HITPOINT WARNING * * *
The ice beast hits you.
* * * LOW HITPOINT WARNING * * *
The ice beast freezes you.
You die...

#............(..####.#....
##########.............#
#.#.#.. ......#
#.............# #.###.#
......#
###'#####.########.....#
......# #.# #.#
##...#######
......######.#####.#
#.....###
.................#.#
#.Y8....
####.............#.#
#.....# #............@#.#
#...# #............Y#.#
#.#
#.............#.#####.#
#.............#.#...'.#
###############.#..##s#
########....##.#
######........#.##...
####.........###.#.# ....
#............###.#.# .8...


You could see an ice beast.

Vanquished Creatures
  An ogre (D:4)
  A centaur (D:5)
  A hound (D:5)
  A jelly (D:5)
  An orc priest (D:4)
  Terence (D:2)
  2 iguanas
  A gnoll (D:2)
  12 adders
  5 river rats (Sewer)
  A white imp (D:5)
  An ufetubus (D:4)
  2 worms
  12 orcs
  5 ball pythons
  15 bats
  8 endoplasms
  5 giant cockroaches
  7 goblins
  4 hobgoblins
  4 jackals
  4 kobolds
  5 quokkas
  8 frilled lizards
  A rat (D:3)
108 creatures vanquished.

Vanquished Creatures (collateral kills)
  2 adders
  2 gnolls (D:2)
  2 worms
  An endoplasm (D:3)
  A goblin (D:3)
  2 jackals (Sewer)
  2 kobolds
  2 quokkas
  2 bats
  A frilled lizard (D:2)
  A rat (D:1)
18 creatures vanquished.

Grand Total: 126 creatures vanquished

Notes
Turn   | Place    | Note
-------+----------+-------------------------------------------
     0 | D:1      | Ignak the Ogre Hedge Wizard began the quest for the Orb.
     0 | D:1      | Reached XP level 1. HP: 16/16 MP: 5/5
   207 | D:1      | Reached skill level 1 in Conjurations
   207 | D:1      | Reached skill level 1 in Summonings
   207 | D:1      | Reached skill level 1 in Translocations
   216 | D:1      | Reached XP level 2. HP: 23/26 MP: 6/6
   219 | D:1      | Learned a level 2 spell: Blink
   222 | D:1      | Learned a level 2 spell: Call Imp
   428 | D:1      | Found a faded altar of an unknown god.
   879 | D:2      | Found a glowing silver altar of Zin.
   886 | D:2      | Reached XP level 3. HP: 27/32 MP: 5/8
  1090 | D:2      | Reached skill level 1 in Shields
  1260 | D:2      | Reached skill level 1 in Fighting
  1260 | D:2      | Reached skill level 1 in Unarmed Combat
  1260 | D:2      | Reached XP level 4. HP: 33/41 MP: 6/9
  1415 | D:2      | Noticed Terence
  1443 | D:2      | Killed Terence
  1444 | D:2      | Reached skill level 4 in Spellcasting
  1498 | D:2      | Learned a level 3 spell: Mephitic Cloud
  1758 | D:2      | Reached XP level 5. HP: 35/48 MP: 4/11
  1976 | D:3      | Reached skill level 1 in Armour
  2151 | D:3      | Found a basalt altar of Yredelemnul.
  3120 | D:4      | Found a glowing drain.
  3140 | Sewer    | Entered a sewer
  3252 | Sewer    | Reached XP level 6. HP: 57/57 MP: 12/12
  4261 | D:4      | Reached skill level 1 in Air Magic
  4357 | D:4      | Identified the +0 robe of Biefyne {Fly rElec Will- MP+9}
  4400 | D:4      | Found a staircase to the Ecumenical Temple.
  4411 | Temple   | Entered the Ecumenical Temple
  4525 | Temple   | Became a worshipper of Warmaster Okawaru
  4932 | D:5      | Entered Level 5 of the Dungeon
  4932 | D:5      | Noticed a wraith
  4946 | D:4      | Reached skill level 1 in Poison Magic
  4946 | D:4      | Reached XP level 7. HP: 22/65 MP: 7/13
  5393 | D:5      | Found an ancient bone altar of Kikubaaqudgha.
  5618 | D:5      | Found a blossoming altar of Fedhas.
  5792 | D:5      | Learned a level 5 spell: Fireball
  6131 | D:5      | Identified the ring of Xeacve Dema {rPois Will+ Dex+3}
  6348 | D:5      | Slain by an ice beast

Illustrated notes

Levels and vault maps discovered:
D:1:      amcnicky_arrival_abandoned_market, layout_basic,
          hellmonk_ecumenical_altar_prayer_group, serial_glass, glass_columns_b,
          glass_columns_a, glass_columns_a
D:2:      layout_loops_ring, basic_altar, uniq_terence
D:3:      layout_basic, mainiacjoe_overflow_24_doors, minivault_27,
          serial_bayou_ford_a
D:4:      layout_loops_ring, minmay_temple_entry_statues_pillars,
          portal_sewer_entry_d
D:5:      minmay_octagon_keep, layout_basic,
          grunt_temple_overflow_growth_and_decay, kennysheep_generic_room_14
Temple:   bh_familiar_temple

Skill      XL: |  1  2  3  4  5  6  7 |
---------------+----------------------+-----
Conjurations   | 1 2 |  2.1
Summonings     | 1 |  1.0
Translocations | 1 2 |  2.3
Dodging        | 2 |  2.7
Shields        | 1 2 3 |  3.1
Fighting       | 1 2 |  2.4
Unarmed Combat | 1 |  1.0
Spellcasting   | 4 |  4.4
Armour         | 1 |  1.9
Stealth        | 2 |  2.1
Air Magic      | 1 |  1.3
Poison Magic   | 1 |  1.2
Axes           | |  0.7
Polearms       | |  0.8
Fire Magic     | |  0.2

Action                     |  1- 3 |  4- 6 |  7- 9 || total
---------------------------+-------+-------+-------++-------
  Melee: Dagger            |    58 |       |       ||    58
         Trident           |    48 |   254 |    69 ||   371
         Punch             |       |     2 |     1 ||     3
   Cast: Magic Dart        |     7 |     2 |       ||     9
         Call Imp          |     8 |    28 |       ||    36
         Blink             |       |     3 |     1 ||     4
         Mephitic Cloud    |       |     5 |     2 ||     7
    Use: Scroll            |       |    16 |     2 ||    18
         Potion            |       |     3 |     2 ||     5
   Stab: Sleeping          |     5 |     3 |     2 ||    10
         Distracted        |       |     3 |       ||     3
         Confused          |       |     2 |     1 ||     3
 Armour: Robe              |    44 |   114 |    24 ||   182
  Dodge: Dodged            |    61 |   162 |    38 ||   261

Table legend: (Time is in decaauts)
 A = Elapsed time spent in this place.
 B = Non-inter-level travel time spent in this place.
 C = Inter-level travel time spent in this place.
 D = Time resting spent in this place.
 E = Time spent auto-exploring this place.
 F = Levels seen in this place.
 G = Mean time per level.
                   A        B        C        D        E       F      G
               +--------+--------+--------+--------+--------+-----+--------+
         Total |   6471 |   6353 |    118 |   1173 |   3223 |   7 |  924.4 |
       Dungeon |   5223 |   5126 |     97 |    838 |   2822 |   5 | 1044.6 |
        Temple |    138 |    117 |     21 |      0 |    105 |   1 |  138.0 |
         Sewer |   1109 |   1109 |      0 |    335 |    296 |   1 | 1109.0 |
               +--------+--------+--------+--------+--------+-----+--------+

Top non-repeatable levels by time:
     D:4: 1147 daAuts
     D:3: 1113 daAuts
   Sewer: 1109 daAuts
     D:2: 1059 daAuts
     D:5: 1020 daAuts
     D:1: 882 daAuts
  Temple: 138 daAuts
